 Dungeon Crawl Stone Soup version 0.26-a0-264-g3a471323bd (webtiles) character file.

Game seed: 10614407336577859561

47 Gargoyl the Skirmisher (level 3, -8/33 HPs)
             Began as a Centaur Abyssal Knight on July 11, 2020.
             Was a Follower of Lugonu.
             Killed from afar by a leopard gecko (34 damage)
             ... with an exploding inner flame
             ... hexed by the player character
             ... on level 2 of the Dungeon.
             The game lasted 00:02:25 (1639 turns).

Gargoyl the Skirmisher (Centaur Abyssal Knight)     Turns: 1639, Time: 00:02:26

Health: -8/33      AC:  6    Str: 14    XL:     3   Next: 48%
Magic:  4/4        EV:  8    Int: 11    God:    Lugonu [*.....]
Gold:   104        SH:  0    Dex:  9    Spells: 2/2 levels left

rFire    . . .     SeeInvis .   e - +5 broad axe (flame)
rCold    . . .     Faith    .   (no shield)
rNeg     + . .     Spirit   .   j - +0 ring mail
rPois    .         Reflect  .   d - +0 helmet
rElec    .         Harm     .   (no cloak)
rCorr    .                      (no gloves)
MR       .....                  (no barding)
Stlth    ..........             (no amulet)
HPRegen  0.11/turn              m - ring of positive energy
MPRegen  0.09/turn              (no ring)

@: very quick
A: large, hooves 3, deformed body, speed 2, tough skin 3
a: Depart the Abyss, Renounce Religion


You were on level 2 of the Dungeon.
You worshipped Lugonu.
Lugonu was aware of your devotion.
You were not hungry.

You visited 1 branch of the dungeon, and saw 2 of its levels.
You visited the Abyss 1 time.

You collected 104 gold pieces.

Inventory:

Hand Weapons
 a - a +2 hand axe
 e - a +5 broad axe of flaming (weapon)
Armour
 d - a +0 helmet (worn)
 j - a +0 ring mail (worn)
Jewellery
 m - a ring of positive energy (left hand)
Scrolls
 b - a scroll of teleportation
 g - 2 scrolls of identify
 h - 3 scrolls of remove curse
Potions
 i - 3 potions of brilliance
 k - a potion of curing
Miscellaneous
 f - a lightning rod (2/4)
Comestibles
 c - 3 rations


   Skills:
 + Level 3.7 Fighting
 + Level 2.4 Axes
 + Level 1.5 Armour
 + Level 1.0 Dodging
 + Level 2.1 Invocations


You had 2 spell levels left.
You didn't know any spells.
Your spell library was empty.

Dungeon Overview and Level Annotations

Branches:
Dungeon (2/15)

Altars:
Yredelemnul


Innate Abilities, Weirdness & Mutations

You have hooves in place of feet.
Armour fits poorly on your strangely shaped body.
You cover ground very quickly.
You have extremely tough skin. (AC +3)


Message History

You slash the adder! You burn the adder.
You kill the adder!
Lugonu accepts your kill.
The leopard gecko bites you but does no damage.
Unknown command.
You closely miss the leopard gecko.
The leopard gecko hisses menacingly.
The leopard gecko bites you. x2; The leopard gecko barely misses you.
Unknown command.
You slice the leopard gecko!! You burn the leopard gecko.
You kill the leopard gecko!
Lugonu accepts your kill.
Your Dodging skill increases to level 1!
You hit the leopard gecko.
Flame seeps out of the leopard gecko.
You burn the leopard gecko.
Flame seeps out of the leopard gecko.
The leopard gecko is engulfed in blazing flames.
The leopard gecko explodes!
The fiery explosion engulfs you!!
Ouch! That really hurt!
You die...

#......'........
#.######...##### #.#
#...# . #.# #...# .#
#l# #...# ..# #.#
#.... .... #.# ######
....#
#.#############......
#..........§○@.....#
###############....#
...# ..# .# #


There were no monsters in sight!

Vanquished Creatures
  An adder (D:2)
  2 leopard geckos
  8 bats (D:1)
  4 giant cockroaches (D:1)
  8 hobgoblins (D:1)
  2 jackals (D:1)
  3 goblins (D:1)
  A kobold (D:1)
  5 rats (D:1)
34 creatures vanquished.

Vanquished Creatures (others)
  7 starspawn tentacles (Abyss:2)
7 creatures vanquished.

Grand Total: 41 creatures vanquished

Notes
Turn   | Place    | Note
-------+----------+-------------------------------------------
     0 | Abyss:1  | Gargoyl the Centaur Abyssal Knight began the quest for the
                  | Orb.
     0 | Abyss:1  | Reached XP level 1. HP: 19/19 MP: 2/2
    32 | Abyss:1  | Noticed a ynoxinul
    58 | Abyss:1  | Noticed an orange demon
    71 | Abyss:1  | Noticed an iron dragon zombie
   116 | Abyss:2  | Noticed a tentacled starspawn
   169 | Abyss:2  | Noticed a blink frog
   172 | Abyss:2  | Noticed a small abomination
   174 | D:1      | Escaped the Abyss
   176 | D:1      | Identified a scroll of acquirement
   176 | D:1      | Acquired a +5 broad axe of flaming
   326 | D:1      | Reached XP level 2. HP: 24/26 MP: 3/3
   449 | D:1      | Reached * piety under Lugonu
   993 | D:1      | Reached XP level 3. HP: 27/33 MP: 4/4
  1608 | D:2      | Found a basalt altar of Yredelemnul.
  1639 | D:2      | Reached skill level 1 in Dodging
  1639 | D:2      | Killed from afar by a leopard gecko

Illustrated notes

Levels and vault maps discovered:
D:1:      dpeg_arrival_water_temple_mockup, layout_rooms,
          serial_co_window_serial, co_window_corner_a,
          co_window_of_opportunity_a, co_window_paths_b, co_window_paths_a,
          co_window_corner_a, co_window_paths_a, co_window_broadway_c,
          co_window_cross_4, co_window_paths_c, co_window_broadway_b,
          co_window_2corner, co_window_paths_c, glass_columns_b, minivault_4,
          minmay_quantized
D:2:      layout_basic, lemuel_crystal_altar, uniq_jessica, uniq_natasha

Skill      XL: |  1  2  3 |
---------------+----------+-----
Axes           | 2 |  2.4
Dodging        | 1 |  1.0
Fighting       | |  3.7
Armour         | |  1.5
Invocations    | |  2.1

Action                   || total
-------------------------++-------
Melee: Broad axe         ||    50
       Kick              ||     8
Invok: Depart the Abyss  ||     1
Evoke: Lightning rod     ||     3
  Use: Potion            ||     3
       Scroll            ||     7
  Eat: Ration            ||     1
Armor: Leather armour    ||    14
       Ring mail         ||     6
Dodge: Dodged            ||    28

Table legend:
 A = Non-vault XP
 B = Vault XP
 C = Vault XP percentage of total XP
 D = Non-vault monster count
 E = Vault monster count
 F = Vault count percentage of total count
                 A         B        C        D         E       F
            +---------+---------+-------+---------+---------+-------
      Total |      58 |      10 |  14.7 |      29 |       5 |  14.7
            +---------+---------+-------+---------+---------+-------
        D:1 |      42 |      10 |  19.2 |      27 |       5 |  15.6
        D:2 |      16 |       0 |   0.0 |       2 |       0 |   0.0
            +---------+---------+-------+---------+---------+-------
